 Dungeon Crawl Stone Soup version 0.30-a0-760-g5a9884bb7c (webtiles) character file.

Game seed: 7665176207295369468

366 jlumianski the Covered (level 6, -16/48 HPs)
             Began as a Demonspawn Fighter on Feb 10, 2023.
             Was an Initiate of Qazlal.
             Demolished by an orc wizard
             ... wielding a +0 dagger of electrocution
              (20 damage)
             ... on level 4 of the Dungeon.
             The game lasted 00:15:51 (3451 turns).

jlumianski the Covered (Demonspawn Fighter)         Turns: 3451, Time: 00:15:52

Health: -16/48     AC:  9    Str: 19    XL:     6   Next: 40%
Magic:  7/7        EV:  7    Int:  9    God:    Qazlal [......]
Gold:   93         SH:  0    Dex: 12    Spells: 5/5 levels left

rFire   + . .      SeeInvis .    a - +0 war axe
rCold   . . .      Faith    .    (no shield)
rNeg    . . .      Spirit   .    p - +0 chain mail
rPois   .          Reflect  .    (no helmet)
rElec   .          Harm     .    (no cloak)
rCorr   .          Rampage  .    (no gloves)
Will    .....                    (no boots) Stlth
                                 (no amulet)
HPRegen 0.28/turn                u - ring of flight
MPRegen 0.20/turn                z - ring of protection from fire

@: flying
A: hooves 1, magic regeneration, demonic magic 1, demonic touch 1
a: Renounce Religion


You were on level 4 of the Dungeon.
You worshipped Qazlal.
Qazlal was noncommittal.
You visited 2 branches of the dungeon, and saw 5 of its levels.

You collected 163 gold pieces.
You spent 70 gold pieces at shops.

Inventory:

Hand Weapons
 a - a +0 war axe (weapon)
Missiles
 h - 46 stones (quivered)
 v - 3 poisoned darts
 A - a boomerang
Armour
 b - a +0 scale mail
 c - a +0 buckler
 k - a +0 pair of boots
 p - a +0 chain mail (worn)
 s - a +1 pair of boots
Jewellery
 u - a ring of flight (left hand)
 z - a ring of protection from fire (right hand)
Scrolls
 e - 2 scrolls of enchant armour {unknown}
 g - 2 scrolls of teleportation
 i - a scroll of immolation {unknown}
 l - a scroll of fear {unknown}
 r - a scroll of noise {unknown}
 w - a scroll of vulnerability {unknown}
 x - 3 scrolls of poison {unknown}
 y - a scroll of butterflies {unknown}
Potions
 d - a potion of might
 f - a potion of lignification {unknown}
 j - 2 potions of curing
 m - 2 potions of invisibility {unknown}
 n - a potion of degeneration {unknown}
 o - a potion of berserk rage {unknown}
 q - 2 potions of heal wounds
 t - a potion of flight {unknown}


   Skills:
 * Level 4.1 Fighting
 + Level 4.0 Axes
 + Level 0.1 Throwing
 + Level 4.3 Armour
 + Level 0.3 Dodging
 - Level 0.1 Stealth
 + Level 2.9 Shields
 * Level 1.6 Invocations


You had 5 spell levels left.
You didn't know any spells.
Your spell library contained the following spells:

 Spells                   Type           Power      Damage    Failure   Level
 Cigotuvi's Dreadful Rot  Necr/Pois/Air  0%         N/A       100%        2
 Lesser Beckoning         Tloc           0%         N/A       100%        2
 Poisonous Vapours        Pois/Air       0%         N/A       100%        2
 Gell's Gravitas          Tloc           0%         N/A       100%        3
 Mephitic Cloud           Conj/Pois/Air  0%         N/A       100%        3
 Ozocubu's Armour         Ice            0%         N/A       100%        3
 Teleport Other           Tloc           0%         N/A       100%        3
 Metabolic Englaciation   Hex/Ice        0%         N/A       100%        5
 Simulacrum               Ice/Necr       0%         N/A       100%        6


Dungeon Overview and Level Annotations

Branches:
Dungeon (4/15)             Temple (1/1) D:4

Altars:
Ashenzari
Cheibriados
Dithmenos
Gozag
Makhleb
Qazlal
Ru
Wu Jian
Yredelemnul

Shops:
D:3 (   D:4 ((*


Innate Abilities, Weirdness & Mutations

You have large cloven feet.
You regenerate magic rapidly.
Spells you cast may paralyse adjacent enemies.
Your touch may inflict minor irresistible damage on your foes.


Message History

An orc comes into view. It is wielding a +0 flail.
The orc shouts!
There is an entrance to Erghusik's General Store here.
There is an open door here.
The orc wizard hits you but does no damage.
You closely miss the orc wizard. Your kick misses the orc wizard.
Your touch misses the orc wizard. You closely miss the orc.
The orc wizard hits you but does no damage.
The orc hits you with a +0 flail!
The orc wizard hits you with a +0 dagger of electrocution.
You are electrocuted!
The orc barely misses you.
You hit the orc wizard but do no damage.
You kick the orc wizard, but do no damage.
You hit the orc but do no damage.
The orc wizard hits you but does no damage.
The orc hits you with a +0 flail.
You completely miss the orc wizard.
You kick the orc wizard, but do no damage.
You barely miss the orc.
The orc wizard hits you but does no damage.
The orc hits you with a +0 flail!
You hit the orc wizard. Your kick misses the orc wizard.
The orc wizard is moderately wounded.
You closely miss the orc.
The orc wizard gestures at you while chanting.
The puff of flame hits you. You resist. The orc hits you but does no damage.
You barely miss the orc wizard. Your kick misses the orc wizard.
The orc wizard is moderately wounded.
You slash the orc!
You kill the orc!
Qazlal accepts your kill.
The orc wizard hits you with a +0 dagger of electrocution.
You are electrocuted!
* * * LOW HITPOINT WARNING * * *
The orc wizard completely misses you.
You slash the orc wizard! Your kick misses the orc wizard.
The orc wizard is almost dead.
The orc wizard hits you but does no damage.
You are electrocuted!!
You die...

######.# #...∩...# #.## #....####
#..#####..### #####
######.#...##...## #...###
..........#.#.#.# #.....#
........>.#.#...########...#.#
####......#.#.............##.####
# #......#.#<#.)###.............
# #......#....o@'∩'........)..##
# #####..###.##############.#.# #
#..# #.# #.#.## ## #..###.#
#..#.# .# #......# #.###. .#
#..###.# ##.#.# .##### #..# #.#
##.## ∩....# #..# #.#
##########.# .....# #..# #.#
###...#......#


You could see an orc wizard.

Vanquished Creatures
  A black bear (D:4)
  A necrophage (D:4)
  A hound (D:4)
  A jelly (D:4)
  An orc priest (D:3)
  4 adders
  A worm (D:3)
  3 dart slugs
  6 orcs
  9 endoplasms
  A giant cockroach (D:1)
  6 hobgoblins
  2 jackals (D:4)
  3 quokkas
  6 ball pythons
  2 bats (D:3)
  3 frilled lizards
  7 goblins
  5 kobolds
  7 rats
70 creatures vanquished.

Vanquished Creatures (others)
  13 plants
13 creatures vanquished.

Grand Total: 83 creatures vanquished

Notes
Turn   | Place    | Note
-------+----------+-------------------------------------------
     0 | D:1      | jlumianski the Demonspawn Fighter began the quest for the
                  | Orb.
     0 | D:1      | Reached XP level 1. HP: 18/18 MP: 1/1
   193 | D:1      | Discovered your monstrous ancestry.
   193 | D:1      | Gained mutation: Your touch may inflict minor irresistible
                  | damage on your foes. [demonic ancestry]
   193 | D:1      | Reached XP level 2. HP: 21/24 MP: 2/2
   547 | D:1      | Found a faded altar of an unknown god.
   675 | D:1      | Gained mutation: Spells you cast may paralyse adjacent
                  | enemies. [demonic ancestry]
   675 | D:1      | Reached XP level 3. HP: 29/29 MP: 3/3
  1596 | D:3      | Gained mutation: You have large cloven feet. [demonic
                  | ancestry]
  1596 | D:3      | Reached XP level 4. HP: 31/37 MP: 4/4
  1843 | D:3      | Found Uritocuk's Antique Weapon Shoppe.
  1951 | D:4      | Found Yssuat's Weapon Shoppe.
  2521 | D:4      | Noticed a necrophage
  2528 | D:4      | Killed a necrophage
  2529 | D:4      | Reached XP level 5. HP: 38/42 MP: 5/5
  2564 | D:4      | Found a staircase to the Ecumenical Temple.
  2572 | Temple   | Entered the Ecumenical Temple
  2614 | Temple   | Became a worshipper of Qazlal Stormbringer
  2743 | D:4      | Found a shadowy altar of Dithmenos.
  2802 | D:4      | Found Idutit's Weapon Boutique.
  2818 | D:4      | Noticed a black bear
  2842 | D:4      | Found Erghusik's General Store.
  2845 | D:4      | Bought a potion of heal wounds for 70 gold pieces
  3058 | D:4      | Killed a black bear
  3059 | D:4      | Reached skill level 1 in Invocations
  3059 | D:4      | Gained mutation: You regenerate magic rapidly. [demonic
                  | ancestry]
  3059 | D:4      | Reached XP level 6. HP: 33/48 MP: 5/7
  3205 | D:4      | Identified the +4 short sword "Jiuko" {flame, Contam rElec
                  | rN++ Stlth+}
  3451 | D:4      | Demolished by an orc wizard

Illustrated notes

Levels and vault maps discovered:
D:1:      evilmike_arrival_plus, layout_loops_ring,
          dilly_ecumenical_altar_fadedgnrine, supply_closet_lemuel, st_stairs_13
D:2:      layout_loops_ring
D:3:      layout_basic, serial_shops, shop
D:4:      layout_loops_ring, nicolae_dithmenos_the_darkroom,
          minmay_temple_entry_drinking_statues, serial_shops,
          nicolae_square_shop, kennysheep_mini, nicolae_square_shop,
          minmay_fountain_box, kennysheep_generic_room_16
Temple:   cyrus_temple_forest

Skill      XL: |  1  2  3  4  5 |
---------------+----------------+-----
Armour         | 3 4 |  4.3
Axes           | 2 3 4 |  4.0
Fighting       | 4 |  4.1
Invocations    | 1 |  1.6
Throwing       | |  0.1
Dodging        | |  0.3
Stealth        | |  0.1
Shields        | |  2.9

Action                     |  1- 3 |  4- 6 || total
---------------------------+-------+-------++-------
  Melee: War axe           |   104 |    90 ||   194
         Touch             |    17 |    18 ||    35
         Punch             |     1 |       ||     1
         Kick              |       |    30 ||    30
  Throw: Stone             |     2 |     2 ||     4
         Dart              |       |     3 ||     3
    Use: Scroll            |       |     2 ||     2
         Potion            |       |     2 ||     2
 Armour: Scale mail        |    34 |       ||    34
         Chain mail        |     6 |    78 ||    84
  Dodge: Dodged            |    42 |    46 ||    88
  Block: Buckler           |     6 |       ||     6

Table legend: (Time is in decaauts)
 A = Elapsed time spent in this place.
 B = Non-inter-level travel time spent in this place.
 C = Inter-level travel time spent in this place.
 D = Time resting spent in this place.
 E = Time spent auto-exploring this place.
 F = Levels seen in this place.
 G = Mean time per level.
                   A        B        C        D        E       F      G
               +--------+--------+--------+--------+--------+-----+--------+
         Total |   3527 |   3448 |     79 |     88 |   2151 |   5 |  705.4 |
       Dungeon |   3435 |   3356 |     79 |     88 |   2151 |   4 |  858.8 |
        Temple |     92 |     92 |      0 |      0 |      0 |   1 |   92.0 |
               +--------+--------+--------+--------+--------+-----+--------+

Top non-repeatable levels by time:
     D:3: 1015 daAuts
     D:4: 868 daAuts
     D:1: 850 daAuts
     D:2: 700 daAuts
  Temple: 92 daAuts
